 Dungeon Crawl Stone Soup version 0.28.0-1-gb440e238dd (webtiles) character file.

Game seed: 2572148174085706663

48 cbfl8 the Chopper (level 3, -5/34 HPs)
             Began as a Minotaur Berserker on Feb 19, 2022.
             Was a Believer of Trog.
             Slain by a hobgoblin (11 damage)
             ... on level 2 of the Dungeon.
             The game lasted 00:04:27 (1928 turns).

cbfl8 the Chopper (Minotaur Berserker)              Turns: 1928, Time: 00:04:27

Health: -5/34      AC:  3    Str: 23    XL:     3   Next: 50%
Magic:  2/2        EV: 12    Int:  4    God:    Trog [**....]
Gold:   64         SH:  0    Dex:  9    Spells: 2/2 levels left

rFire   . . .      SeeInvis .   a - +0 hand axe
rCold   . . .      Faith    .   (no shield)
rNeg    . . .      Spirit   .   f - +0 leather armour
rPois   .          Reflect  .   (helmet restricted)
rElec   .          Harm     .   (no cloak)
rCorr   .          Rampage  .   (no gloves)
Will    ++...                   (no boots)
Stlth   +.........              (no amulet)
HPRegen 1.11/turn               (no ring)
MPRegen 0.08/turn               (no ring)

@: strong-willed, regenerating
A: horns 2, retaliatory headbutt
a: Renounce Religion, Berserk, Trog's Hand


You were on level 2 of the Dungeon.
You worshipped Trog.
Trog was pleased with you.
You visited 1 branch of the dungeon, and saw 2 of its levels.

You collected 64 gold pieces.

Inventory:

Hand Weapons
 a - a +0 hand axe (weapon)
Armour
 b - a +0 animal skin
 f - a +0 leather armour (worn)
Scrolls
 d - a scroll of summoning {unknown}
 e - a scroll of fog {unknown}
 g - a scroll of fear {unknown}
Potions
 c - a potion of ambrosia {unknown}


   Skills:
 + Level 4.4 Fighting
 + Level 4.4 Axes
 + Level 2.7 Armour
 + Level 2.4 Dodging


You had 2 spell levels left.
You didn't know any spells.
Your spell library was empty.

Dungeon Overview and Level Annotations

Branches:
Dungeon (2/15)

Altars:


Innate Abilities, Weirdness & Mutations

You have a pair of horns on your head.
You reflexively headbutt those who attack you in melee.


Message History

You hit the worm but do no damage.
The worm is heavily wounded.
A bat comes into view.
The worm closely misses you.
You hit the worm. Your headbutt misses the worm.
The worm is severely wounded.
The worm bites you.
* * * LOW HITPOINT WARNING * * *
You slash the worm!
You kill the worm!
Trog accepts your kill. The bat barely misses you.
You hit the bat.
You kill the bat!
Trog accepts your kill.
You start resting.
An endoplasm comes into view.
The endoplasm quivers.
Found a fuming blue potion.
You hit the endoplasm. You headbutt the endoplasm.
You kill the endoplasm!
Trog accepts your kill.
g - a scroll labelled WIYQ OGAECUMOM You start resting.
HP restored.
You start waiting.
Done waiting.
You start waiting.
A hobgoblin comes into view. It is wielding a +2 war axe of flaming.
The hobgoblin shouts!
The hobgoblin hits you with a +2 war axe of flaming!
The hobgoblin burns you.
The hobgoblin hits you with a +2 war axe of flaming!
* * * LOW HITPOINT WARNING * * *
The hobgoblin burns you.
* * * LOW HITPOINT WARNING * * *
Your skin crawls.
You feel strong-willed.
The hobgoblin hits you with a +2 war axe of flaming!
You die...

##### #...
#########.#######.###
.....................
######.......####!#.#
#..#....g......
###..#.##@.......
#.)..#.#####.....
#....#.# .##..
#....#.# # . #....#.#
#.#.## ###>#.#
#...#.# # #.###.#


You could see a hobgoblin.

Vanquished Creatures
  A worm (D:2)
  3 dart slugs (D:1)
  3 ball pythons (D:1)
  3 endoplasms
  5 giant cockroaches (D:1)
  2 goblins (D:1)
  6 hobgoblins
  5 kobolds
  A bat (D:2)
  3 frilled lizards (D:1)
  5 rats
37 creatures vanquished.

Notes
Turn   | Place    | Note
-------+----------+-------------------------------------------
     0 | D:1      | cbfl8 the Minotaur Berserker began the quest for the Orb.
     0 | D:1      | Reached XP level 1. HP: 19/19 MP: 0/0
    52 | D:1      | Found a faded altar of an unknown god.
   165 | D:1      | Reached XP level 2. HP: 27/27 MP: 1/1
   446 | D:1      | Reached ** piety under Trog
   447 | D:1      | Reached XP level 3. HP: 30/33 MP: 2/2
  1928 | D:2      | Slain by a hobgoblin

Illustrated notes

Levels and vault maps discovered:
D:1:      lemuel_arrival_funnel, layout_basic,
          hellmonk_ecumenical_altar_arch_garden, hangedman_decor_growths,
          wander_ebering_terrifying_dragon_lair
D:2:      layout_loops_ring

Skill      XL: |  1  2 |
---------------+-------+-----
Fighting       | 4 |  4.4
Axes           | 4 |  4.4
Armour         | |  2.7
Dodging        | |  2.4

Action                   || total
-------------------------++-------
Melee: Hand axe          ||    69
       Headbutt          ||     9
       Punch             ||     1
Invok: Trog's Hand       ||     1
Armor: Animal skin       ||    18
Dodge: Dodged            ||    49
